 Dungeon Crawl Stone Soup version 0.27-a0-394-g49c82dfaf2 (webtiles) character file.

Game seed: 8094724961354615801

90 sahdkjhfkaj the Skirmisher (level 4, 0/37 HPs)
             Began as a Mummy Monk on Feb 20, 2021.
             Splashed by a jelly's acid (3 damage)
             ... on level 2 of the Dungeon.
             The game lasted 00:06:04 (2592 turns).

sahdkjhfkaj the Skirmisher (Mummy Monk)             Turns: 2592, Time: 00:06:04

Health: 0/37       AC:  8    Str: 14    XL:     4   Next: 32%
Magic:  13/13      EV:  6    Int: 10    God:
Gold:   112        SH:  5    Dex: 14    Spells: 3/3 levels left

rFire    x . .     SeeInvis .   a - +0 spear
rCold    + . .     Faith    .   (no shield)
rNeg     + + +     Spirit   .   e - +0 chain mail
rPois    ∞         Reflect  +   (no helmet)
rElec    .         Harm     .   (no cloak)
rCorr    .         Rampage  .   (no gloves)
Will     .....                  (no boots)
Stlth    ..........             c - amulet of reflection
HPRegen  0.12/turn              g - ring of magical power
MPRegen  0.13/turn              i - ring of wizardry

@: no status effects
A: no potions, fire vulnerability, cold resistance 1, negative energy resistance
3, torment resistance, unbreathing
a: no special abilities


You were on level 2 of the Dungeon.
You visited 1 branch of the dungeon, and saw 2 of its levels.

You collected 112 gold pieces.

Inventory:

Hand Weapons
 a - a +0 spear (weapon)
 b - a +0 hunting sling
Missiles
 d - 91 stones
 n - 40 poisoned darts (quivered)
Armour
 e - a +0 chain mail (worn)
Jewellery
 c - an amulet of reflection (around neck)
 g - a ring of magical power (left hand)
 i - a ring of wizardry (right hand)
Scrolls
 f - 2 scrolls of enchant armour {!r}
 h - 2 scrolls of magic mapping {!r}
 j - a scroll of noise {!r, unknown}
 k - a scroll of amnesia {!r, unknown}
 l - a scroll of blinking {!r, unknown}
 m - a scroll of immolation {!r}
 o - a scroll of teleportation {!r, unknown}
 p - a scroll of fog {!r, unknown}


   Skills:
 - Level 4.0 Fighting
 - Level 2.4 Polearms
 - Level 2.4 Dodging
 - Level 2.3 Stealth
 + Level 2.0 Shields


You had 3 spell levels left.
You didn't know any spells.
Your spell library was empty.

Dungeon Overview and Level Annotations

Branches:
Dungeon (2/15)

Altars:
Fedhas


Innate Abilities, Weirdness & Mutations

You do not drink.
Your flesh is vulnerable to fire.
You are immune to poison.
Your flesh is cold resistant. (rC+)
You are immune to negative energy. (rN+++)
You are immune to unholy pain and torment.
You can survive without breathing.


Message History

The jelly hits you.
* * * LOW HITPOINT WARNING * * *
The acid corrodes you!
You are splashed with acid!
* * * LOW HITPOINT WARNING * * *
The jelly hits you but does no damage.
You see here a +0 dagger.
You are no longer corroded.
The jelly hits you.
* * * LOW HITPOINT WARNING * * *
The acid corrodes you!
You are splashed with acid.
* * * LOW HITPOINT WARNING * * *
The jelly jiggles.
There is a stone staircase leading up here.
You are no longer corroded.
The jelly hits you but does no damage.
You see here a sedimented black potion {!q}.
The jelly jiggles.
Okay, then.
You can't drink.
Okay, then.
Unknown command.
You hit the jelly.
Your hands burn!
* * * LOW HITPOINT WARNING * * *
The jelly is moderately wounded.
The jelly hits you but does no damage.
Unknown command.
Unknown command.
Unknown command.
Unknown command.
Unknown command.
You hit the jelly.
Your hands burn!
* * * LOW HITPOINT WARNING * * *
The jelly is severely wounded.
You block the jelly's attack.
You hit the jelly but do no damage.
Your hands burn!
* * * LOW HITPOINT WARNING * * *
The jelly is severely wounded.
You block the jelly's attack.
You hit the jelly but do no damage.
Your hands burn!
You die...

##### #...### ###
#.#...##$.....##.#
#@######P.P...#.#J
#J# #.J÷...#J#.
#J# #PPP.÷÷#J#'
#.# #.÷JJ.J#.#.
#.# #..PP..#J#.
#.# #..J÷..#J#.
#.# #....J.'##.
#!# #..÷.÷.####
#.# #######


You could see 2 jellies.

Vanquished Creatures
  An adder (D:2)
  6 oozes (D:2)
  2 worms (D:2)
  A dart slug (D:1)
  4 leopard geckos (D:1)
  5 goblins
  7 bats
  A frilled lizard (D:1)
  15 kobolds
  5 rats
47 creatures vanquished.

Vanquished Creatures (others)
  4 fungi (D:2)
  6 toadstools (D:2)
10 creatures vanquished.

Grand Total: 57 creatures vanquished

Notes
Turn   | Place    | Note
-------+----------+-------------------------------------------
     0 | D:1      | sahdkjhfkaj the Mummy Monk began the quest for the Orb.
     0 | D:1      | Reached XP level 1. HP: 18/18 MP: 1/1
   252 | D:1      | Reached XP level 2. HP: 20/24 MP: 2/2
   857 | D:1      | Reached XP level 3. HP: 27/30 MP: 3/3
  1583 | D:2      | Reached skill level 4 in Fighting
  1854 | D:2      | Found a blossoming altar of Fedhas.
  2304 | D:2      | Reached skill level 1 in Shields
  2429 | D:2      | Reached XP level 4. HP: 23/37 MP: 4/4
  2592 | D:2      | Splashed by a jelly's acid

Illustrated notes

Levels and vault maps discovered:
D:1:      elethiomel_arrival_shortcut, layout_basic, minmay_ruptured
D:2:      cheibrodos_fertilizer, layout_rooms, fedhas_altar_fruit_tree,
          minmay_misc_feat_tiny

Skill      XL: |  1  2  3  4 |
---------------+-------------+-----
Stealth        | 2 |  2.3
Fighting       | 4 |  4.0
Shields        | 1 2 |  2.0
Polearms       | |  2.4
Dodging        | |  2.4

Action                   |  1- 3 |  4- 6 || total
-------------------------+-------+-------++-------
Melee: Spear             |   211 |    31 ||   242
Throw: Dart              |     6 |       ||     6
  Use: Scroll            |     4 |       ||     4
 Stab: Sleeping          |     4 |       ||     4
Armor: Leather armour    |    17 |       ||    17
       Chain mail        |    27 |    18 ||    45
       Ring mail         |     9 |       ||     9
Dodge: Dodged            |    65 |     4 ||    69
Block: Other             |    47 |     9 ||    56
       Reflection        |     2 |       ||     2

Table legend: (Time is in decaauts)
 A = Elapsed time spent in this place.
 B = Non-inter-level travel time spent in this place.
 C = Inter-level travel time spent in this place.
 D = Time resting spent in this place.
 E = Time spent auto-exploring this place.
 F = Levels seen in this place.
 G = Mean time per level.
                   A        B        C        D        E       F      G
               +--------+--------+--------+--------+--------+-----+--------+
         Total |   2586 |   2450 |    136 |     53 |   1774 |   2 | 1293.0 |
       Dungeon |   2586 |   2450 |    136 |     53 |   1774 |   2 | 1293.0 |
               +--------+--------+--------+--------+--------+-----+--------+

Top non-repeatable levels by time:
     D:1: 1387 daAuts
     D:2: 1199 daAuts
